 Dungeon Crawl Stone Soup version 0.23-a0-644-gb60d84b635 (webtiles) character file.

72 HereIgoKillingAgain the Firebug (level 4, -2/24 HPs)
             Began as a Deep Elf Fire Elementalist on Jan 1, 2019.
             Killed by divine providence
             ... invoked by an orc priest
              (16 damage)
             ... on level 3 of the Dungeon.
             The game lasted 00:01:30 (1897 turns).

HereIgoKillingAgain the Firebug (DEFE)              Turns: 1897, Time: 00:01:31

Health: -2/24      AC:  3    Str:  5    XL:     4   Next: 6%
Magic:  12/12      EV: 13    Int: 21    God:
Gold:   189        SH:  0    Dex: 15    Spells: 10/11 levels left

rFire    . . .     SeeInvis .   (no weapon)
rCold    . . .     Gourm    .   (no shield)
rNeg     . . .     Faith    .   a - +0 robe
rPois    .         Spirit   .   (no helmet)
rElec    .         Reflect  .   (no cloak)
rCorr    .         Harm     .   (no gloves)
MR       .....                  g - +0 pair of boots
Stlth    ++........             (no amulet)
HPRegen  0.08/turn              (no ring)
MPRegen  0.13/turn              (no ring)

@: no status effects
A: no striking features
a: no special abilities


You were on level 3 of the Dungeon.
You were not hungry.

You visited 1 branch of the dungeon, and saw 3 of its levels.

You collected 189 gold pieces.

Inventory:

Armour
 a - a +0 robe (worn)
 g - a +0 pair of boots (worn)
Wands
 p - a wand of polymorph (10)
Scrolls
 e - 2 scrolls of remove curse {unknown}
 f - 3 scrolls of enchant weapon {unknown}
 i - a scroll of blinking {unknown}
 k - 6 scrolls of identify {unknown}
 l - a scroll of enchant armour {unknown}
 m - a scroll of magic mapping {unknown}
 o - a scroll of fog {unknown}
Potions
 b - a potion of lignification {unknown}
 d - 2 potions of flight {unknown}
 h - 3 potions of haste {unknown}
 j - a potion of degeneration {unknown}
 n - a potion of curing {unknown}
Comestibles
 c - 3 rations


   Skills:
 + Level 2.9 Dodging
 - Level 2.4 Stealth
 + Level 4.0 Spellcasting
 + Level 2.4 Conjurations
 + Level 4.1 Fire Magic


You had 10 spell levels left.
You knew the following spells:

 Your Spells              Type           Power        Failure   Level  Hunger
a - Flame Tongue          Conj/Fire      ###..        3%          1    None

Your spell library contained the following spells:

 Spells                   Type           Power        Failure   Level  Hunger
 Throw Flame              Conj/Fire      ###...       4%          2    #......
 Conjure Flame            Conj/Fire      ###.....     10%         3    ###....
 Inner Flame              Hex/Fire       ##......     16%         3    ###....
 Sticky Flame             Conj/Fire      ###.....     30%         4    ####...
 Fireball                 Conj/Fire      ###.......   65%         5    ######.


Dungeon Overview and Level Annotations

Branches:
Dungeon (3/15)

Altars:
Qazlal

Annotations:
D:3 exclusion: door


Message History

You open the door.
The orc priest is too close now for your liking.
There is an open door here.
There are monsters nearby!
The orc priest mumbles some strange prayers to Beogh against you.
Beogh smites you!
Ouch! That really hurt!
There is an open door here.
What are your orders? t - Shout!
Orders for allies: a - Attack new target. r - Retreat! s - Stop attacking. g - Guard the area. f - Follow me.
Anything else - Cancel.
Okay, then.
There is a stone staircase leading up here.
The orc priest calls down the wrath of Beogh upon you.
Beogh smites you!
Ouch! That really hurt!
You die...

#..# #........#
#.)# #........#
#..#####.####.###
#......o.# #.#
#.###..### ##'##
#.# ##.# #...#
#.####.# #..o..#
#.#.##.# #.......#
#..)..@##.........#
#.......+...)..o..+
##...#)##..$......#
##.##.###.......##
##<#.# ##.)...##
#....# ... ##.###
+# #.# #.#


You could see an orc priest.

Vanquished Creatures
  3 adders (D:2)
  A dart slug (D:1)
  An orc (D:3)
  A giant cockroach (D:2)
  9 goblins
  9 hobgoblins
  A ball python (D:1)
  3 bats (D:1)
  3 frilled lizards
  6 kobolds
  3 rats (D:1)
40 creatures vanquished.

Notes
Turn   | Place    | Note
-------+----------+-------------------------------------------
     0 | D:1      | HereIgoKillingAgain the Deep Elf Fire Elementalist began
                  | the quest for the Orb.
     0 | D:1      | Reached XP level 1. HP: 10/10 MP: 6/6
   192 | D:1      | Reached XP level 2. HP: 4/15 MP: 1/8
   833 | D:1      | Reached XP level 3. HP: 19/19 MP: 8/10
  1548 | D:2      | Found a stormy altar of Qazlal.
  1601 | D:2      | Reached XP level 4. HP: 24/24 MP: 10/12
  1897 | D:3      | Killed from afar by an orc priest

Vault maps used:
D:1:      roderic_chinese_lattice_arrival, solitary_fountain
D:2:      nicolae_qazlal_eye_of_the_storm
D:3:      serial_rivers, chequers_serial_rivers_room_b,
          chequers_serial_rivers_marsh, chequers_serial_rivers_marsh,
          chequers_serial_rivers_micro_c, chequers_serial_rivers_micro_e

Skill      XL: |  1  2  3 |
---------------+----------+-----
Conjurations   | 2 |  2.4
Spellcasting   | 4 |  4.0
Fire Magic     | 4 |  4.1
Dodging        | |  2.9
Stealth        | |  2.4

Action                   |  1- 3 |  4- 6 || total
-------------------------+-------+-------++-------
Melee: Unarmed           |    14 |       ||    14
 Cast: Flame Tongue      |    58 |     3 ||    61
 Stab: Sleeping          |     2 |       ||     2
  Eat: Chunk             |     1 |       ||     1
       Ration            |       |     1 ||     1
Armor: Robe              |    12 |       ||    12
Dodge: Dodged            |    33 |       ||    33

Table legend:
 A = Non-vault XP
 B = Vault XP
 C = Vault XP percentage of total XP
 D = Non-vault monster count
 E = Vault monster count
 F = Vault count percentage of total count
                 A         B        C        D         E       F
            +---------+---------+-------+---------+---------+-------
      Total |     103 |       0 |   0.0 |      40 |       0 |   0.0
            +---------+---------+-------+---------+---------+-------
        D:1 |      42 |       0 |   0.0 |      25 |       0 |   0.0
        D:2 |      58 |       0 |   0.0 |      14 |       0 |   0.0
        D:3 |       3 |       0 |   0.0 |       1 |       0 |   0.0
            +---------+---------+-------+---------+---------+-------
